 Dungeon Crawl Stone Soup version 0.30-a0-242-g7bf8e6d787 (webtiles) character file.

Game seed: 4816016624668166033

192 purpskrrrp the Grave Robber (level 5, -1/38 HPs)
             Began as a Demigod Necromancer on Oct 11, 2022.
             Slain by a bullfrog (4 damage)
             ... on level 2 of the Dungeon.
             The game lasted 00:07:13 (2423 turns).

purpskrrrp the Grave Robber (Demigod Necromancer)   Turns: 2423, Time: 00:07:15

Health: -1/38      AC:  2    Str:  8    XL:     5   Next: 19%
Magic:  2/11       EV: 12    Int: 25    God:
Gold:   100        SH:  0    Dex: 13    Spells: 8/9 levels left

rFire   . . .      SeeInvis .    f - +2 dagger (speed)
rCold   . . .      Faith    .    (no shield)
rNeg    . . .      Spirit   .    a - +0 robe
rPois   .          Reflect  .    (no helmet)
rElec   .          Harm     .    (no cloak)
rCorr   .          Rampage  .    (no gloves)
Will    .....                    (no boots)
Stlth   ++........               (no amulet)
HPRegen 0.26/turn                (no ring)
MPRegen 0.12/turn                (no ring)

@: no status effects
A: high MP 1, forlorn, divine attributes, clever 1, wild magic 1
a: no special abilities


You were on level 2 of the Dungeon.
You visited 1 branch of the dungeon, and saw 3 of its levels.

You collected 100 gold pieces.

Inventory:

Hand Weapons
 f - a +2 dagger of speed (weapon)
Armour
 a - a +0 robe (worn)
Wands
 k - a wand of flame (4)
Potions
 b - a potion of magic
 d - a potion of mutation
 e - a potion of might {unknown}
 g - a potion of curing {unknown}
 j - a potion of heal wounds {unknown}


   Skills:
 + Level 2.8 Dodging
 + Level 3.0 Stealth
 + Level 2.6 Spellcasting
 * Level 4.6 Necromancy


You had 8 spell levels left.
You knew the following spells:

 Your Spells              Type           Power      Damage    Failure   Level
a - Necrotise             Necr           100%       1d9       3%          1

Your spell library contained the following spells:

 Spells                   Type           Power      Damage    Failure   Level
 Vampiric Draining        Necr           34%        2d8       8%          3
 Animate Dead             Necr           34%        N/A       22%         4
 Agony                    Necr           34%        N/A       47%         5


Dungeon Overview and Level Annotations

Branches:
Dungeon (3/15)

Shops:
D:2 [

Annotations:
D:3 Grinder, Ijyb


Innate Abilities, Weirdness & Mutations

You have an increased reservoir of magic. (+10% MP)
You shall have no god before yourself.
Your divine heritage dramatically boosts your attributes as you level up.
Your mind is acute. (Int +4, Str/Dex -1)
Your spells are a little harder to cast, but a little more powerful.


Message History

The orc hits you from afar with a +0 trident!
The bullfrog hits you.
Your orc skeleton barely misses the bullfrog.
The bullfrog closely misses you.
The orc hits you from afar with a +0 trident.
* * * LOW HITPOINT WARNING * * *
The orc hits you from afar with a +0 trident.
* * * LOW HITPOINT WARNING * * *
Your orc skeleton barely misses the bullfrog.
The bullfrog closely misses you.
You climb upwards.
There is a stone staircase leading down here.
You are too injured to fight recklessly!
You barely miss the bullfrog.
The bullfrog is heavily wounded.
The bullfrog hits you but does no damage.
You closely miss the bullfrog.
The bullfrog is heavily wounded.
The bullfrog misses you.
You hit the bullfrog.
The bullfrog is severely wounded.
The bullfrog hits you.
* * * LOW HITPOINT WARNING * * *
You are too injured to fight recklessly!
Casting: Necrotise (safe; 3% risk of failure)
Confirm with . or Enter, or press ? or * to list all spells.
Aiming: Necrotise (safe; 3% risk of failure)
Press: ? - help, Shift-Dir - straight line, f - bullfrog
Aim: a bullfrog (severely wounded, chance to affect: 83%)
The bullfrog writhes in agony.
The bullfrog hits you but does no damage.
Casting: Necrotise (safe; 3% risk of failure)
Confirm with . or Enter, or press ? or * to list all spells.
Aiming: Necrotise (safe; 3% risk of failure)
Press: ? - help, Shift-Dir - straight line, f/p - bullfrog
Aim: a bullfrog (severely wounded, chance to affect: 83%)
The bullfrog writhes in agony.
The bullfrog hits you.
* * * LOW HITPOINT WARNING * * *
The bullfrog hits you.
You die...

.........#### #.#.# ##...#..##
#...#.......######.#.# #.###.#.~♣
.....................# #.# #..~P♣
............######.### #.###.#♣♣~
............# #.# ##....~♣P~
............# #.# ##.#.~~~♣
............# #.# #.#.♣♣P~
............######.### #.#.~~P~
#..#..........##@F...#####..~~~~~
#..#####.####.##.###.##≈≈≈..♣~~~≈
#..# #.........# #..≈≈≈≈~.♣~~~≈
#..# ######.##.###.#≈≈∩...~♣~~≈
#..# #.##.....#≈≈~~~#♣P~≈≈
#..##########.#########≈≈≈.#~♣~~≈
#.............# ####.#♣~~≈≈
#.###########.# ##...~♣♣~≈
#.###########.# ########>...~~~P≈


You could see a bullfrog.

Vanquished Creatures
  Natasha (thrice) (D:2)
  3 gnolls (D:2)
  3 adders (D:2)
  A worm (D:2)
  A dart slug (D:2)
  3 orcs (D:3)
  2 bats
  7 endoplasms
  2 giant cockroaches
  5 goblins
  2 hobgoblins
  A quokka (D:2)
  6 ball pythons
  3 frilled lizards
  4 kobolds
  A rat (D:1)
47 creatures vanquished.

Vanquished Creatures (collateral kills)
  A dart slug (D:2)
  2 endoplasms
  2 goblins
  A frilled lizard (D:2)
6 creatures vanquished.

Vanquished Creatures (others)
  4 plants (D:2)
4 creatures vanquished.

Grand Total: 57 creatures vanquished

Notes
Turn   | Place    | Note
-------+----------+-------------------------------------------
     0 | D:1      | purpskrrrp the Demigod Necromancer began the quest for the
                  | Orb.
     0 | D:1      | Reached XP level 1. HP: 14/14 MP: 5/5
   232 | D:1      | Reached XP level 2. HP: 20/20 MP: 5/7
   728 | D:2      | Reached skill level 4 in Necromancy
   728 | D:2      | Reached XP level 3. HP: 26/26 MP: 0/8
  1309 | D:2      | Reached XP level 4. HP: 5/33 MP: 1/10
  1569 | D:2      | Noticed Natasha
  1577 | D:2      | Killed Natasha
  1687 | D:2      | Noticed Natasha
  1690 | D:2      | Killed Natasha
  1747 | D:2      | Found Surif's Antique Armour Boutique.
  1856 | D:2      | Noticed Natasha
  1862 | D:2      | Killed Natasha
  1863 | D:2      | Reached XP level 5. HP: 31/38 MP: 7/11
  2120 | D:3      | Noticed Ijyb
  2168 | D:2      | Gained mutation: Your spells are a little harder to cast,
                  | but a little more powerful. [potion of mutation]
  2168 | D:2      | Gained mutation: Your mind is acute. (Int +4, Str/Dex -1)
                  | [potion of mutation]
  2186 | D:3      | Noticed Grinder
  2200 | D:3      | Paralysed by Grinder for 4 turns
  2423 | D:2      | Slain by a bullfrog

Illustrated notes

Levels and vault maps discovered:
D:1:      amcnicky_arrival_choice, layout_rooms, chequers_serial_rivers_large_a
D:2:      layout_loops_ring, serial_shops, nicolae_shop_waterfront,
          serial_bayou_lake_a, uniq_natasha
D:3:      layout_basic, uniq_terence, uniq_grinder, uniq_ijyb

Skill      XL: |  1  2  3  4 |
---------------+-------------+-----
Dodging        | 2 |  2.8
Stealth        | 2 3 |  3.0
Spellcasting   | 2 |  2.6
Necromancy     | 4 |  4.6

Action                   |  1- 3 |  4- 6 || total
-------------------------+-------+-------++-------
Melee: Dagger            |    11 |    26 ||    37
 Cast: Necrotise         |    66 |    46 ||   112
  Use: Scroll            |       |     2 ||     2
       Potion            |       |     2 ||     2
 Stab: Sleeping          |       |     1 ||     1
Armor: Robe              |     3 |     5 ||     8
Dodge: Dodged            |    17 |    25 ||    42

Table legend: (Time is in decaauts)
 A = Elapsed time spent in this place.
 B = Non-inter-level travel time spent in this place.
 C = Inter-level travel time spent in this place.
 D = Time resting spent in this place.
 E = Time spent auto-exploring this place.
 F = Levels seen in this place.
 G = Mean time per level.
                   A        B        C        D        E       F      G
               +--------+--------+--------+--------+--------+-----+--------+
         Total |   2461 |   2310 |    151 |    488 |   1515 |   3 |  820.3 |
       Dungeon |   2461 |   2310 |    151 |    488 |   1515 |   3 |  820.3 |
               +--------+--------+--------+--------+--------+-----+--------+

Top non-repeatable levels by time:
     D:2: 1799 daAuts
     D:1: 607 daAuts
     D:3: 54 daAuts
